 Dungeon Sprint DCSS version 0.18-b1-16-g289874d (webtiles) character file.

276365 Kidiri the Unseen (level 12, 64/64 HPs)
             Began as a Spriggan Enchanter on May 1, 2016.
             Was the Champion of Dithmenos.
             Escaped with the Orb!
             The game lasted 00:11:44 (2218 turns).

Kidiri the Unseen (Spriggan Enchanter)              Turns: 2218, Time: 00:11:44

Health: 64/64      AC:  5    Str:  2    XL:     12   Next: 62%
Magic:  41/41      EV: 34    Int: 23    God:    Dithmenos [******]
Gold:   1875       SH:  0    Dex: 19    Spells: 5 memorised, 29 levels left

rFire  + . .     SeeInvis +     k - +4 dagger (drain)
rCold  + . .     Gourm    .     m - +0 robe of the Forsaken Ships {*Contam rF+ MP+9}
rNeg   . . .     Faith    .     (shield restricted)
rPois  .         Spirit   .     (helmet restricted)
rElec  .         Dismiss  .     o - +2 cloak
rCorr  .         Reflect  .     (gloves unavailable)
SustAt .         Harm     .     (boots unavailable)
MR     ++++.     NoTele   +     l - amulet of the Jester {rC+ MR++ Regen+ Str-2}
Stlth  ++++++....               (no ring)
                                q - +4 ring of intelligence

@: very slightly contaminated, wreathed by umbra, very quick, incredibly
resistant to hostile enchantments, very stealthy
A: unfitting armour, see invisible, herbivore 3, speed 3, slow metabolism 2
a: Shadow Step, Shadow Form, Renounce Religion
0: Orb of Zot


You escaped.
You worshipped Dithmenos.
Dithmenos was exalted by your worship.
You were not hungry.

You visited 1 branch You collected 3023 gold pieces.
You spent 1148 gold pieces at shops.

Inventory:

Hand Weapons
 k - a +4 dagger of draining (weapon)
Armour
 m - the +0 robe of the Forsaken Ships (worn) {*Contam rF+ MP+9}
   (You bought it in a shop in the Dungeon)

   It protects you from fire.
   It affects your magic capacity (+9).
   It causes magical contamination when unequipped.
 o - a +2 cloak (worn)
Jewellery
 l - the amulet of the Jester (around neck) {rC+ MR++ Regen+ Str-2}
   (You found it in the Dungeon)

   [amulet of regeneration]

   It affects your strength (-2).
   It protects you from cold.
   It affects your resistance to hostile enchantments.
   It increases your rate of regeneration.
 q - a +4 ring of intelligence (left hand)
Scrolls
 b - a scroll of fog
 c - a scroll of amnesia
 n - a scroll of identify
Potions
 e - 7 potions of curing
 g - a potion of haste
 h - 3 potions of magic
 i - a potion of berserk rage
Miscellaneous
 a - a legendary deck of escape {Solitude}
Comestibles
 d - 3 bread rations


   Skills:
 + Level 7.9 Fighting
 * Level 14.1 Short Blades
 + Level 7.3 Armour
 * Level 18.0 Dodging
 * Level 19.4 Stealth
 * Level 15.3 Spellcasting
 + Level 6.9 Conjurations
 + Level 11.6 Hexes
 + Level 7.6 Ice Magic
 - Level 3.9 Invocations


You had 29 spell levels left.
You knew the following spells:

 Your Spells              Type           Power        Failure   Level  Hunger
a - Corona                Hex            ######.      1%          1    None
b - Ensorcelled Hibernat  Hex/Ice        ######       1%          2    None
c - Confuse               Hex            ######..     1%          3    None
d - Tukima's Dance        Hex            ######..     1%          3    None
e - Dazzling Spray        Conj/Hex       ######..     1%          3    None


Dungeon Overview and Level Annotations

Branches:
Dungeon (1/1)

Altars:
Cheibriados
Dithmenos
Elyvilon
Fedhas
Gozag
Kikubaaqudgha
Makhleb
Nemelex Xobeh
Okawaru
Pakellas
Qazlal
Ru
Sif Muna
Trog
Vehumet
Xom
Yredelemnul
Zin
The Shining One
Jiyva

Shops:
D *[?}*?}?:=}?[*[[??

Annotations:
D Tiamat


Innate Abilities, Weirdness & Mutations

You are tiny and cannot use many weapons and most armour.
You have supernaturally acute eyesight.
You are a herbivore.
You cover ground extremely quickly.
You need consume almost no food.


Message History

The Orb prevents control of your translocation!
You blink.
As you read the scroll of blinking, it crumbles to dust.
You see here a great sword of flaming.
There is an open door here.
There is an open door here.
There is an open door, spattered with blood here.
There is an open door here.
There is an open door, spattered with blood here.
There is an open door here.
There is an open door here.
There is an open door here.
There is an open door here.
Things that are here:
a scythe; a robe
There is an open door here.
There is an open door here.
There is an open door here.
There is a staircase leading out of the dungeon here.
You have escaped!

##################
#@.#..'..#.)'..#__
#..'..#.)'..#..'..
#.)#####+#####+#__
#..####..#...#)###
#..#__####..##.#≈≈
#..#_.___##+#..+§≈
#⌠⌠#_.∩..%+..._#§≈
####_..._##_.#+##+
*,,#_____###+#.#).


There were no monsters in sight!

Vanquished Creatures
  A golden dragon (D)
  A shadow dragon (D)
  4 fire giants (D)
  A hydra (D)
  2 centaur warriors (D)
  Sonja (D)
  7 unseen horrors (D)
  A deep troll (D)
  A lindwurm (D)
  An oklob plant (D)
  4 demonic crawlers (D)
  2 kobold demonologists (D)
  A slime creature (D)
  Sigmund (D)
  2 redbacks (D)
  A yak (D)
  13 hogs (D)
  3 giant eyeballs (D)
  A wasp (D)
  7 necrophages (D)
  An ogre (D)
  8 jellies (D)
  Ijyb (D)
  2 ballistomycetes (D)
67 creatures vanquished.

Vanquished Creatures (others)
  A gargoyle (D)
  6 golden eyes (D)
  2 giant spores (D)
9 creatures vanquished.

Grand Total: 76 creatures vanquished

Notes
Turn   | Place    | Note
--------------------------------------------------------------
     0 | D        | Kidiri the Spriggan Enchanter began the quest for the Orb.
     0 | D        | Reached XP level 1. HP: 9/9 MP: 5/5
     2 | D        | Noticed Ijyb
    20 | D        | Killed Ijyb
    20 | D        | Reached skill level 1 in Fighting
    20 | D        | Reached skill level 5 in Stealth
    20 | D        | Reached XP level 2. HP: 10/14 MP: 5/8
   120 | D        | Noticed an ogre
   122 | D        | Killed an ogre
   122 | D        | Reached skill level 1 in Armour
   122 | D        | Reached skill level 7 in Stealth
   122 | D        | Reached skill level 5 in Spellcasting
   122 | D        | Reached XP level 3. HP: 18/18 MP: 8/10
   122 | D        | Reached XP level 4. HP: 23/23 MP: 9/12
   126 | D        | Learned a level 2 spell: Ensorcelled Hibernation
   130 | D        | Learned a level 3 spell: Confuse
   134 | D        | Learned a level 3 spell: Tukima's Dance
   138 | D        | Learned a level 3 spell: Dazzling Spray
   250 | D        | Noticed Sigmund
   253 | D        | Killed Sigmund
   253 | D        | Reached skill level 5 in Short Blades
   253 | D        | Reached skill level 9 in Stealth
   253 | D        | Reached skill level 1 in Conjurations
   253 | D        | Reached skill level 5 in Hexes
   253 | D        | Reached skill level 1 in Ice Magic
   253 | D        | Reached XP level 5. HP: 27/27 MP: 13/15
   266 | D        | Found a snail-covered altar of Cheibriados.
   266 | D        | Found a shadowy altar of Dithmenos.
   266 | D        | Noticed a slime creature
   267 | D        | Found a viscous altar of Jiyva.
   267 | D        | Found a blossoming altar of Fedhas.
   270 | D        | Became a worshipper of Dithmenos the Shadowed
   506 | D        | Killed a slime creature
   506 | D        | Reached skill level 10 in Stealth
   506 | D        | Reached skill level 1 in Invocations
   506 | D        | Reached XP level 6. HP: 15/32 MP: 8/17
   779 | D        | Found a deep blue altar of Sif Muna.
   781 | D        | Found a radiant altar of Vehumet.
   817 | D        | Found Qiekk's Armour Emporium.
   817 | D        | Found a white marble altar of Elyvilon.
   817 | D        | Found a stormy altar of Qazlal.
   817 | D        | Found a burning altar of Makhleb.
   817 | D        | Found a sacrificial altar of Ru.
   817 | D        | Found an oddly glowing altar of Pakellas.
   817 | D        | Found a basalt altar of Yredelemnul.
   817 | D        | Found a glowing golden altar of the Shining One.
   817 | D        | Found a sparkling altar of Nemelex Xobeh.
   817 | D        | Found a shimmering altar of Xom.
   817 | D        | Found an opulent altar of Gozag.
   817 | D        | Found an ancient bone altar of Kikubaaqudgha.
   817 | D        | Found a glowing silver altar of Zin.
   817 | D        | Noticed a yak
   818 | D        | Found an iron altar of Okawaru.
   819 | D        | Killed a yak
   819 | D        | Reached * piety under Dithmenos
   819 | D        | Reached XP level 7. HP: 36/36 MP: 17/19
   820 | D        | Found a bloodstained altar of Trog.
   834 | D        | Noticed Sonja
   838 | D        | Killed Sonja
   838 | D        | Reached skill level 10 in Dodging
   838 | D        | Reached skill level 11 in Stealth
   838 | D        | Reached XP level 8. HP: 42/42 MP: 20/22
   855 | D        | Found Eqixt's General Store.
   876 | D        | Noticed a deep troll
   886 | D        | Killed a deep troll
   886 | D        | Reached skill level 12 in Stealth
   898 | D        | Found Ihoycu's Armour Emporium.
   964 | D        | Noticed a centaur warrior
   965 | D        | Noticed a centaur warrior
   967 | D        | Killed a centaur warrior
   967 | D        | Reached ** piety under Dithmenos
   967 | D        | Reached skill level 13 in Stealth
   967 | D        | Reached skill level 10 in Spellcasting
   967 | D        | Reached XP level 9. HP: 46/46 MP: 22/24
   969 | D        | Killed a centaur warrior
   978 | D        | Reached skill level 5 in Fighting
   989 | D        | Noticed an oklob plant
   991 | D        | Killed an oklob plant
   991 | D        | Reached skill level 14 in Stealth
  1012 | D        | Reached *** piety under Dithmenos
  1012 | D        | Reached skill level 10 in Short Blades
  1035 | D        | Noticed an unseen horror
  1036 | D        | Noticed an unseen horror
  1045 | D        | Killed an unseen horror
  1045 | D        | Reached skill level 5 in Ice Magic
  1045 | D        | Reached XP level 10. HP: 37/51 MP: 15/26
  1050 | D        | Killed an unseen horror
  1050 | D        | Reached skill level 5 in Armour
  1130 | D        | Reached **** piety under Dithmenos
  1132 | D        | Reached skill level 15 in Stealth
  1149 | D        | Reached ***** piety under Dithmenos
  1213 | D        | Got a heavily runed crystal amulet
  1218 | D        | Identified the amulet of the Jester {rC+ MR++ Regen+ Str-2} (You found it in the Dungeon)
  1340 | D        | Found Urphio's Gadget Shoppe.
  1340 | D        | Found Nyolef's Magic Scroll Shop.
  1340 | D        | Found Tudomuuq's General Store.
  1342 | D        | Found Qabriducw's Magic Scroll Emporium.
  1342 | D        | Found Jiegeg's Gadget Shop.
  1342 | D        | Found Qetihest's Magic Scroll Shoppe.
  1342 | D        | Found Hadathac's Book Boutique.
  1342 | D        | Found Josh's Jewellery Emporium.
  1342 | D        | Found Koemiaq's Gadget Shop.
  1342 | D        | Found Qugy's Magic Scroll Shoppe.
  1346 | D        | Found Gacexoub's Antique Armour Boutique.
  1347 | D        | Found Ewaant's Antique Armour Emporium.
  1347 | D        | Found Bomn's Assorted Antiques.
  1348 | D        | Found Qeigak's Magic Scroll Emporium.
  1354 | D        | Bought a thick robe for 182 gold pieces
  1364 | D        | Identified the +0 robe of the Forsaken Ships {*Contam rF+ MP+9} (You bought it in a shop in the Dungeon)
  1367 | D        | Bought a scroll of identify for 24 gold pieces
  1367 | D        | Bought a scroll of magic mapping for 42 gold pieces
  1370 | D        | Bought a cloak for 144 gold pieces
  1376 | D        | Bought a scroll of enchant weapon for 75 gold pieces
  1378 | D        | Bought a +4 ring of intelligence for 270 gold pieces
  1382 | D        | Bought a scroll of enchant armour for 75 gold pieces
  1386 | D        | Bought a scroll of enchant armour for 97 gold pieces
  1388 | D        | Bought a scroll of enchant weapon for 75 gold pieces
  1582 | D        | Reached skill level 5 in Conjurations
  1685 | D        | Noticed a lindwurm
  1689 | D        | Killed a lindwurm
  1689 | D        | Reached ****** piety under Dithmenos
  1689 | D        | Reached skill level 16 in Stealth
  1689 | D        | Reached XP level 11. HP: 56/56 MP: 28/28
  1710 | D        | Reached skill level 15 in Dodging
  1723 | D        | Reached skill level 10 in Hexes
  1759 | D        | Noticed a 12-headed hydra
  1761 | D        | Killed a 12-headed hydra
  1934 | D        | Noticed a shadow dragon
  1934 | D        | Noticed a golden dragon
  1935 | D        | Killed a golden dragon
  1935 | D        | Reached skill level 17 in Stealth
  1936 | D        | Killed a shadow dragon
  1936 | D        | Reached skill level 18 in Stealth
  2004 | D        | Found Okkaoc's Magic Scroll Shoppe.
  2026 | D        | Bought a scroll of enchant weapon for 82 gold pieces
  2026 | D        | Bought a scroll of enchant weapon for 82 gold pieces
  2085 | D        | Noticed a daeva
  2088 | D        | Noticed an unseen horror
  2088 | D        | Noticed an unseen horror
  2088 | D        | Noticed an unseen horror
  2089 | D        | Noticed an unseen horror
  2091 | D        | Killed an unseen horror
  2092 | D        | Noticed an unseen horror
  2093 | D        | Killed an unseen horror
  2093 | D        | Reached XP level 12. HP: 63/63 MP: 31/31
  2102 | D        | Noticed a fire giant
  2103 | D        | Noticed a fire giant
  2103 | D        | Noticed a fire giant
  2103 | D        | Noticed a fire giant
  2104 | D        | Killed a fire giant
  2106 | D        | Killed a fire giant
  2106 | D        | Reached skill level 19 in Stealth
  2106 | D        | Reached skill level 15 in Spellcasting
  2107 | D        | Killed a fire giant
  2110 | D        | Killed a fire giant
  2129 | D        | Noticed Tiamat
  2155 | D        | Got the Orb of Zot
  2218 | D        | Escaped with the Orb!

Skill      XL: |  1  2  3  4  5  6  7  8  9 10 11 12 |
---------------+-------------------------------------+-----
Fighting       | 1 2 3 4 5 6 7 |  7.9
Short Blades   | 2 4 5 6 7 9 10 11 13 14 | 14.1
Dodging        | 4 6 7 8 9 10 12 13 14 16 18 | 18.0
Stealth        | 5 7 9 10 11 13 14 16 18 19 | 19.4
Spellcasting   | 4 5 6 7 8 9 10 11 12 14 15 | 15.3
Hexes          | 4 5 6 7 8 9 10 11 | 11.6
Armour         | 1 2 3 4 5 6 7 |  7.3
Conjurations   | 1 2 3 4 5 6 |  6.9
Ice Magic      | 1 2 3 4 5 6 7 |  7.6
Invocations    | 1 2 3 |  3.9

Action                   |  1- 3 |  4- 6 |  7- 9 | 10-12 || total
-------------------------+-------+-------+-------+-------++-------
Melee: Dagger            |    13 |     9 |    12 |   106 ||   140
 Cast: Corona            |     2 |       |       |       ||     2
       Dazzling Spray    |       |     4 |     2 |     6 ||    12
       Ensorcelled Hiber |       |     2 |     4 |     6 ||    12
       Confuse           |       |       |       |     3 ||     3
Invok: Shadow Step       |       |       |       |     5 ||     5
  Use: Scroll            |       |       |       |    13 ||    13
       Potion            |       |       |       |     1 ||     1
 Stab: Sleeping          |     2 |     5 |     9 |    43 ||    59
       Invisible         |       |     1 |     1 |     6 ||     8
       Confused          |       |       |       |     2 ||     2
Armor: Robe              |       |     1 |       |     3 ||     4
Dodge: Dodged            |     9 |     3 |    13 |    72 ||    97
